 Dungeon Crawl Stone Soup version 0.28.0-53-g5a82cb258f (webtiles) character file.

Game seed: 730764892898926831

35 styxcanada the Sneak (level 3, 0/18 HPs)
             Began as a Spriggan Brigand on July 12, 2022.
             Frozen to death by an endoplasm (2 damage)
             ... on level 2 of the Dungeon.
             The game lasted 00:03:52 (786 turns).

styxcanada the Sneak (Spriggan Brigand)              Turns: 786, Time: 00:03:53

Health: 0/18       AC:  3    Str:  7    XL:     3   Next: 17%
Magic:  0/4        EV: 17    Int: 12    God:
Gold:   37         SH:  0    Dex: 18    Spells: 2/2 levels left

rFire   . . .      SeeInvis +   a - +2 dagger
rCold   . . .      Faith    .   (no shield)
rNeg    . . .      Spirit   +   b - +0 robe
rPois   .          Reflect  .   (helmet restricted)
rElec   .          Harm     .   c - +0 cloak
rCorr   .          Rampage  .   (gloves unavailable)
Will    .....                   (boots unavailable)
Stlth   ++++......              k - amulet of guardian spirit
HPRegen 0.06/turn               (no ring)
MPRegen 0.09/turn               (no ring)

@: very quick
A: very small, no large weapons, unfitting armour, see invisible, speed 3
a: no special abilities


You were on level 2 of the Dungeon.
You visited 1 branch of the dungeon, and saw 2 of its levels.

You collected 37 gold pieces.

Inventory:

Hand Weapons
 a - a +2 dagger (weapon)
Missiles
 e - 2 curare-tipped darts (quivered)
 h - 76 stones
Armour
 b - a +0 robe (worn)
 c - a +0 cloak (worn)
Jewellery
 j - an amulet of magic regeneration
 k - an amulet of guardian spirit (around neck)
Scrolls
 f - a scroll of blinking {unknown}
 g - a scroll of identify {unknown}
 l - a scroll of magic mapping {unknown}
Potions
 i - a potion of might {unknown}


   Skills:
 * Level 1.8 Fighting
 + Level 2.3 Short Blades
 + Level 2.1 Throwing
 * Level 1.9 Dodging
 * Level 7.0 Stealth


You had 2 spell levels left.
You didn't know any spells.
Your spell library was empty.

Dungeon Overview and Level Annotations

Branches:
Dungeon (2/15)

Altars:


Innate Abilities, Weirdness & Mutations

You are very small and have problems with some larger weapons.
You are too small for most types of armour.
You have supernaturally acute eyesight. (SInv)
You cover ground extremely quickly. (Speed+++)


Message History

The hound skeleton barely misses you.
Okay, then.
Throw: 2 darts (poison)
Press: ? - help, Q - select action, (/) - cycle Shift-Dir - straight line, f - kobold
Aim: a kobold, wielding a +2 short sword of speed (moderately wounded, 55% to hit)
You throw a poisoned dart.
The poisoned dart closely misses the kobold.
The poisoned dart barely misses the hound skeleton.
Throw: dart (poison)
Press: ? - help, Q - select action, (/) - cycle Shift-Dir - straight line, f/p - kobold
Aim: a kobold, wielding a +2 short sword of speed (moderately wounded, 55% to hit)
You throw a poisoned dart. The poisoned dart hits the kobold.
The kobold is poisoned.
The kobold is moderately wounded.
You kill the kobold!
You hit the endoplasm.
The endoplasm is moderately wounded.
You hit the endoplasm.
The endoplasm is severely wounded.
The endoplasm jiggles.
The endoplasm freezes you.
You are frozen.
The hound skeleton closely misses you.
You barely miss the endoplasm.
The endoplasm is heavily wounded.
The hound skeleton completely misses you.
The endoplasm freezes you.
You are frozen.
You hit the endoplasm.
The endoplasm is severely wounded.
The hound skeleton closely misses you. The endoplasm freezes you.
You are frozen.
* * * LOW HITPOINT WARNING * * *
The hound skeleton bites you.
* * * LOW HITPOINT WARNING * * *
You hit the hound skeleton.
The hound skeleton is almost destroyed.
The endoplasm freezes you.
You are frozen.
You die...

...###...................
.........................
#..................<
##...(....$..(†(....
#..)###..#...(.....
####..###.##.>....(..
#.........##.........
#..ZJ...#####....J...
#...@...# ##.....##
...........# #######
####?......# #.......#
#########


You could see an endoplasm and a hound skeleton.

Vanquished Creatures
  An adder (D:2)
  An endoplasm (D:1)
  A giant cockroach (D:1)
  3 goblins (D:1)
  3 hobgoblins (D:1)
  2 jackals (D:1)
  4 kobolds
  2 quokkas (D:1)
  A bat (D:1)
  3 frilled lizards (D:1)
  4 rats
25 creatures vanquished.

Notes
Turn   | Place    | Note
-------+----------+-------------------------------------------
     0 | D:1      | styxcanada the Spriggan Brigand began the quest for the
                  | Orb.
     0 | D:1      | Reached XP level 1. HP: 10/10 MP: 2/2
    60 | D:1      | Reached skill level 6 in Stealth
   239 | D:1      | Reached XP level 2. HP: 15/15 MP: 3/3
   733 | D:2      | Found a faded altar of an unknown god.
   760 | D:2      | Reached skill level 7 in Stealth
   760 | D:2      | Reached XP level 3. HP: 18/18 MP: 4/4
   786 | D:2      | Frozen to death by an endoplasm

Illustrated notes

Levels and vault maps discovered:
D:1:      wheals_arrival_shading, layout_basic
D:2:      layout_rooms, basic_ecumenical_altar, uniq_natasha

Skill      XL: |  1  2 |
---------------+-------+-----
Stealth        | 6 7 |  7.0
Fighting       | |  1.8
Short Blades   | |  2.3
Throwing       | |  2.1
Dodging        | |  1.9

Action                   || total
-------------------------++-------
Melee: Dagger            ||    65
       Punch             ||     1
Throw: Dart              ||     9
 Stab: Sleeping          ||    10
Armor: Robe              ||     4
Dodge: Dodged            ||    44
